Unix NetHack Version 5.0.0-0 post-release - last build Jun 10 2026 00:39:30 (3ee93aec679c4c4259841fe613dc97188e26a321,branch:main).

Game began 2026-06-15 20:44:23, ended 2026-06-15 21:04:34.

LDaviesPeters, neutral female human Archeologist

 ---------
 |.......-#
 |.......|##       --------
 |........ #      #.......|
 ---.-----###     #|<(....|
    #      ###    #|......|
    #       # #   #-----.--
    ##      #*    #
     ##     #     #
      ####  #     #
         i  #     #
         @  #######
        -%- ##
       ....|
     .>....|
   ........|
  |....[...|
  ----------

LDaviesPeters the Field Worker  St:10 Dx:8 Co:12 In:18 Wi:16 Ch:8  Neutral
Dlvl:5  $:15 HP:0(35) Pw:26(26) AC:8  Xp:4 T:2005 

Latest messages:
 You lash the red naga hatchling.
 The red naga hatchling bites!
 You lash the red naga hatchling.
 The red naga hatchling bites!
 You lash the red naga hatchling.
 The red naga hatchling bites!
 You lash the red naga hatchling.
 The red naga hatchling bites!
 You miss the red naga hatchling.
 You miss the red naga hatchling.
 The red naga hatchling bites!
 You lash the red naga hatchling.
 The red naga hatchling bites!
 Are you sure you want to pray? [yn] (n) y
 You begin praying to Camaxtli.
 You are surrounded by a shimmering light.
 The red naga hatchling starts to attack you, but pulls back.
 The red naga hatchling starts to attack you, but pulls back.
 The red naga hatchling starts to attack you, but pulls back.
 You finish your prayer.
 You feel that Camaxtli is well-pleased.
 You feel much better.
 You don't have anything to zap.
 You lash the red naga hatchling.
 You lash the red naga hatchling.
 The red naga hatchling bites!
 You lash the red naga hatchling.
 The red naga hatchling bites!
 You miss the red naga hatchling.
 The red naga hatchling bites!
 You lash the red naga hatchling.
 The red naga hatchling bites!
 You miss the red naga hatchling.
 The red naga hatchling bites!
 You lash the red naga hatchling.
 The red naga hatchling bites!
 You lash the red naga hatchling.
 The imp hits!
 The red naga hatchling bites!
 You lash the red naga hatchling.
 The imp hits!
 The red naga hatchling bites!
 You kill the red naga hatchling!
 The imp hits!
 You lash the large kobold.
 The imp hits!
 You kill the large kobold!
 The imp hits!
 You die...
 Do you want your possessions identified? [ynq] (y) q

Inventory:
 Coins    ('$')
  $ - 15 gold pieces
 Weapons  (')')
  o - 9 blessed +1 darts
  j - 10 +2 darts
  s - 7 +0 darts
  a - a +2 bullwhip (weapon in right hand)
 Armor    ('[')
  c - an uncursed +0 fedora (being worn)
  x - an uncursed +0 pair of gauntlets of dexterity (being worn)
  h - an uncursed +0 leather jacket (being worn)
 Comestibles  ('%')
  d - 9 uncursed food rations
  E - 2 uncursed pancakes
  D - an uncursed tripe ration
 Potions  ('!')
  G - an uncursed potion of full healing
 Rings    ('=')
  u - an uncursed ring of slow digestion
 Tools    ('(')
  b - an uncursed sack containing 7 items
  l - an uncursed oil lamp
  i - an uncursed tin opener
  f - a tinning kit (0:56)
 Gems/Stones  ('*')
  B - an uncursed emerald
  C - an uncursed worthless piece of red glass
  g - an uncursed touchstone

Contents of the sack:
  153 gold pieces
  a blessed scroll of confuse monster
  a cursed scroll of destroy armor
  an uncursed scroll of enchant weapon
  an uncursed scroll of fire
  an uncursed potion of sleeping
  a +0 pick-axe

LDaviesPeters the Archeologist's attributes:

Background:
 You were a Field Worker, a level 4 female human Archeologist.
 You were neutral, on a mission for Camaxtli
 who was opposed by Quetzalcoatl (lawful) and Huhetotl (chaotic).
 You were right-handed.
 You were in the Dungeons of Doom, on level 5.
 You entered the dungeon 2005 turns ago.
 There was a new moon in effect when your adventure ended.
 You had 118 experience points, 42 more were needed to attain level 5.

Basics:
 You had 0 out of 35 hit points.
 You had all 26 energy points (spell power).
 Your armor class was 8.
 Your wallet contained 15 zorkmids, and
 you had 153 more stashed away in your pack.
 Autopickup was off.

Final Characteristics:
 Your strength was 10 (peak:13, limit:18/100).
 Your dexterity was 8 (limit:18).
 Your constitution was 12 (peak:13, limit:18).
 Your intelligence was 18 (limit:18).
 Your wisdom was 16 (limit:18).
 Your charisma was 8 (limit:18).

Final Status:
 You weren't hungry.
 You were unencumbered.
 You were wielding a whip.
 You had basic skill with whip.

Final Attributes:
 You were piously aligned.
 You had automatic searching.
 You were lucky.
 You are dead.

Miscellaneous:
 You didn't encounter any bones levels.
 Total elapsed playing time was 20 minutes and 11 seconds.

Major events:
 Turn
    1: LDaviesPeters the neutral female human Archeologist entered the dungeon
 1442: attained the rank of Field Worker (level 3)
 1628: entered the Gnomish Mines
 2005: killed by an imp

Spells:
 Name                 Level Category     Fail Retention
 cure sickness          3   healing       92%  76%-100%
 magic mapping          5   divination   100%  76%-100%

Skills:
 Fighting Skills
   bare handed combat [Unskilled]
   two weapon combat  [Unskilled]
   riding             [Unskilled]
 Weapon Skills
   dagger             [Unskilled]
   knife              [Unskilled]
   pick-axe           [Basic]
   short sword        [Unskilled]
   saber              [Unskilled]
   club               [Unskilled]
   quarterstaff       [Unskilled]
   sling              [Unskilled]
   dart               [Unskilled]
   boomerang          [Unskilled]
   whip               [Basic]
   unicorn horn       [Unskilled]
 Spellcasting Skills
   attack spells      [Unskilled]
   healing spells     [Unskilled]
   divination spells  [Unskilled]
   matter spells      [Unskilled]

Voluntary challenges:
 Character rerolling was not enabled.
 You never genocided any monsters.
 You never polymorphed an object.
 You never changed form.
 You used no wishes.
Achievements:
 You entered a shop.
 You attained the rank of Field Worker.
 You entered the Gnomish Mines.

 The Dungeons of Doom: levels 1 to 5
    Level 1:
    Level 2:
       A general store, a fountain.
    Level 3:
    Level 4:
       Stairs down to The Gnomish Mines.
    Level 5: <- You were here.
       Final resting place for
          you, killed by an imp.
 The Gnomish Mines:
    Level 5:


Vanquished creatures:
  a rock mole
  a shrieker
  a red naga hatchling
  a gas spore
  2 large kobolds
  2 giant rats
  a yellow mold
  2 red molds
  3 gnomes
  3 geckos
  5 jackals
  a goblin
  2 sewer rats
  7 grid bugs
  a lichen
  a kobold zombie
  4 newts
38 creatures vanquished.

No species were genocided or became extinct.

Game over:
                       ----------
                      /          \
                     /    REST    \
                    /      IN      \
                   /     PEACE      \
                  /                  \
                  |  LDaviesPeters   |
                  |      168 Au      |
                  | killed by an imp |
                  |                  |
                  |                  |
                  |                  |
                  |       2026       |
                 *|     *  *  *      | *
        _________)/\\_//(\/(/\)/\//\/|_)_______

Goodbye LDaviesPeters the Archeologist...

You died in The Dungeons of Doom on dungeon level 5 with 824 points,
and 168 pieces of gold, after 2005 moves.
You were level 4 with a maximum of 35 hit points when you died.

